cohdb
Replays
Latest Replays
All Replays
Popular Replays
Top Player Replays
Match Explorer
How It Works
Community
CoH3 Stats
Reddit
Sign in to upload your games and track your stats! →
Sign in with Steam
Match 32827487
Unlisted
Match 32827487
Overview
Messages
Build Orders
End
Kradschützen Motorcycle Team
Selects Italian Combined Arms Battlegroup
Selects Bersaglieri Squad
Bersaglieri Squad
Bersaglieri Squad
Construct Light Support Kompanie
Bersaglieri Squad
Fire Support Elements
Selects Bersaglieri Bolster
Vehicle Survival Package
Flakvierling Half-track
2.5-tonne Medical Truck
Selects Breda Model 30 Light Machine Guns
Pak 38 Mechanized Group
Panzerjäger Squad
Construct Panzerarmee Kommand
Selects Semovente da 75/18 Assault Gun
Bersaglieri Squad
Panzer III L Medium Tank
Selects Strafing Run
Selects Artillery Cover
Strafing Run
Panzer III L Medium Tank
Bersaglieri Squad
Osttruppen
MaXiS
0
0
Comments
sign in to comment!
No comments posted yet!